Unix NetHack Version 5.0.0-0 post-release - last build May 31 2026 23:59:36 (970b52f25bf058293b47ddfd14a1e40e571c508c,branch:main).

Game began 2026-06-07 21:05:00, ended 2026-06-08 15:23:43.

Frompor, neutral female human Valkyrie

            -----------------------
            |.....................|
            |...................|.---------------------
            --------------------|.............)..).^...
                     |..........|.---------------------
                     |..-------.|.-----------------
                     |..|     |........"%.".""""q.G
                     |..|     ---------------------  |..
                     |..------------------------------..-
                     |...............................[..|
                     |..------------------------------..--
                     |..|............................|....
                     |..|...........)..............---....
                     |.....).....).))<.............|...---
                     |..|......)...................|...|
                     |.[----------------------------...-
                     |...............*..**.***.).........
                     -----------------------------------
Frompor the Fighter         St:18/03 Dx:13 Co:16 In:7 Wi:7 Ch:10  Neutral S:10980
Dlvl:12 $:60 HP:0(82) Pw:22(22) AC:-3 Xp:9/3017 T:6661  Satiated Burdened

Latest messages:
 The gnome attacks a spot beside you.
 You stumble into a spider web!
 The gnome misses!
 The gnomish wizard casts a spell at thin air!
 You kill the gnome!
 You hit the gnomish wizard!
 The gnomish wizard points all around, then curses.
 You kill the gnomish wizard!
 You disentangle yourself.
 There is a gnomish wizard corpse here; eat it? [ynq] (n) y
 This gnomish wizard corpse tastes terrible!
 You hear some noises in the distance.
 You finish eating the gnomish wizard corpse.
 You feel a mild buzz.
 You have a little trouble lifting z - an orange gem (2 in total).
 You stumble into a spider web!
 You disentangle yourself.
 You stumble into a spider web!
 You disentangle yourself.
 You stumble into a spider web!
 The giant spider attacks a spot beside you.
 You disentangle yourself.
 You stumble into a spider web!
 You disentangle yourself.
 You stumble into a spider web!
 You hear some noises in the distance.
 You miss the giant spider.
 The giant spider misses!
 The giant spider misses!
 You miss the giant spider.
 The giant spider just misses!
 The giant spider bites!
 You hit the giant spider!
 The giant spider misses!
 You hit the giant spider!
 The giant spider misses!
 You hit the giant spider!
 The giant spider misses!
 You miss the giant spider.
 The giant spider bites!
 You hit the giant spider!
 The giant spider bites!
 You miss the giant spider.
 You kill the giant spider!
 Really step into that web? [yn] (n) y
 You disentangle yourself.
 The mumak butts!
 You die...
 Do you want your possessions identified? [ynq] (y) y
 Do you want to see your attributes? [ynq] (y) q

Inventory:
 Coins    ('$')
  $ - 60 gold pieces
 Weapons  (')')
  M - a +0 crossbow bolt
  b - 6 +0 daggers
  a - a rusty +1 spear (weapon in right hand)
 Armor    ('[')
  x - an uncursed +0 orcish helm (being worn)
  S - an uncursed +0 pair of iron shoes (being worn)
  c - an uncursed +3 small shield (being worn)
  s - an uncursed +0 cloak of invisibility (being worn)
  w - an uncursed +0 elven mithril-coat (being worn)
 Comestibles  ('%')
  d - 8 uncursed food rations
  C - 2 uncursed pears
  y - 2 uncursed tins of candied goblin meat
 Scrolls  ('?')
  K - an uncursed scroll of teleportation
 Potions  ('!')
  u - an uncursed potion of blindness
  N - an uncursed potion of booze
  P - an uncursed potion of full healing
  B - an uncursed potion of gain ability
  E - an uncursed potion of gain level
  Z - an uncursed potion of levitation
  L - an uncursed potion of monster detection
  H - 2 blessed potions of restore ability
  t - an uncursed potion of restore ability
  I - 2 uncursed potions of water
 Rings    ('=')
  V - an uncursed ring of free action
  h - an uncursed ring of polymorph control
 Wands    ('/')
  G - a wand of polymorph (0:5)
  D - a wand of stasis (0:6)
 Tools    ('(')
  l - an empty uncursed sack
  v - an uncursed sack containing 21 items
  A - an uncursed blindfold
  Q - an uncursed leash
  p - an uncursed mirror
  e - an uncursed oil lamp (lit)
  U - a +0 pick-axe
  k - an uncursed tin whistle
 Gems/Stones  ('*')
  R - 2 uncursed amber stones
  O - an uncursed opal
  z - 2 uncursed worthless pieces of orange glass
  J - an uncursed worthless piece of red glass

Contents of the sack:
  a blessed scroll of blank paper
  6 uncursed scrolls of blank paper
  an uncursed scroll of confuse monster
  a cursed scroll of confuse monster
  an uncursed scroll of gold detection
  an uncursed scroll of identify
  an uncursed scroll of remove curse
  an uncursed scroll of scare monster
  an uncursed spellbook of confuse monster
  a cursed ring of aggravate monster
  a cursed ring of polymorph
  an uncursed amethyst stone
  an uncursed aquamarine stone
  an uncursed jasper stone
  2 uncursed turquoise stones
  2 uncursed worthless pieces of black glass
  2 uncursed worthless pieces of red glass
  2 uncursed worthless pieces of violet glass
  5 uncursed worthless pieces of white glass
  an uncursed worthless piece of yellow glass
  an uncursed worthless piece of yellowish brown glass

Frompor the Valkyrie's attributes:

Background:
 You were a Fighter, a level 9 human Valkyrie.
 You were neutral, on a mission for Odin
 who was opposed by Tyr (lawful) and Loki (chaotic).
 You were right-handed.
 You were in the Gnomish Mines, on level 12.
 You entered the dungeon 6661 turns ago.
 You had 3017 experience points, 2103 more were needed to attain level 10.
 Your score was 10980 before end-of-game adjustments.

Basics:
 You had 0 out of 82 hit points.
 You had all 22 energy points (spell power).
 Your armor class was -3.
 Your wallet contained 60 zorkmids.
 Autopickup was off.

Final Characteristics:
 Your strength was 18/03 (peak:18/05, limit:18/100).
 Your dexterity was 13 (limit:18).
 Your constitution was 16 (limit:18).
 Your intelligence was 7 (limit:18).
 Your wisdom was 7 (limit:18).
 Your charisma was 10 (limit:18).

Final Status:
 You were satiated.
 You were burdened; movement was slightly slowed.
 You were wielding a spear.
 You had expert skill with spear.

Final Attributes:
 You were piously aligned.
 You were cold resistant.
 You were poison resistant.
 You were invisible.
 You were stealthy.
 You were guarded.
 You were fast.
 You are dead.

Miscellaneous:
 You didn't encounter any bones levels.
 Total elapsed playing time was 1 hour, 47 minutes and 15 seconds.

Major events:
 Turn
    1: Frompor the neutral human Valkyrie entered the dungeon
 1148: attained the rank of Skirmisher (level 3)
 2010: entered the Gnomish Mines
 2630: attained the rank of Fighter (level 6)
 3068: reached Mine Town
 6661: killed by a mumak

You didn't know any spells.

Skills:
 Fighting Skills
   bare handed combat [Unskilled]
   two weapon combat  [Unskilled]
   riding             [Unskilled]
 Weapon Skills
   dagger             [Basic]
   axe                [Unskilled]
   pick-axe           [Unskilled]
   short sword        [Unskilled]
   broadsword         [Unskilled]
   long sword         [Unskilled]
   two-handed sword   [Unskilled]
   saber              [Unskilled]
   hammer             [Unskilled]
   quarterstaff       [Unskilled]
   polearms           [Unskilled]
   spear              [Expert]
   trident            [Unskilled]
   lance              [Unskilled]
   sling              [Unskilled]
 Spellcasting Skills
   attack spells      [Unskilled]
   escape spells      [Unskilled]

Voluntary challenges:
 Character rerolling was not enabled.
 You were illiterate.
 You never genocided any monsters.
 You never polymorphed an object.
 You used no wishes.
Achievements:
 You entered a shop.
 You attained the rank of Skirmisher.
 You entered the Gnomish Mines.
 You attained the rank of Fighter.
 You entered Minetown.
 You entered a temple.

 The Dungeons of Doom: levels 1 to 4
    Level 1:
       A sink.
    Level 2:
       A general store, a sink.
    Level 3:
    Level 4:
       Some sinks.
       Stairs down to The Gnomish Mines.
 The Gnomish Mines: levels 5 to 12
    Level 5:
    Level 6:
    Level 7:
    Level 8:
       Some shops, a temple and an altar to Odin, some fountains.
    Level 9:
    Level 10:
    Level 11:
    Level 12: <- You were here.
       Final resting place for
          you, killed by a mumak.


Vanquished creatures:
  a giant zombie
  a sasquatch
  a flaming sphere
  a large cat
  a leocrotta
  a pit viper
  a wraith
  a leather golem
  a soldier
  a giant beetle
  a leprechaun
 an iron piercer
  3 giant spiders
  a forest centaur
  3 gnome rulers
  a blue jelly
  2 dust vortices
 an ape
  a human zombie
  2 fire ants
 an imp
  a wood nymph
 an orc shaman
  a rock piercer
  a pony
  a yellow light
  2 shriekers
 15 gnome leaders
  5 gnomish wizards
 an elf zombie
  2 paper golems
  a baby crocodile
  a giant ant
  a little dog
 19 dwarves
  a homunculus
  a kobold leader
  a rothe
  a rabid rat
  a centipede
  a giant bat
  2 monkeys
  a dwarf zombie
  a wererat
  4 iguanas
  7 killer bees
  2 coyotes
  a gas spore
  7 hobbits
  3 manes
  2 hobgoblins
  a giant rat
  3 cave spiders
  a brown mold
  2 yellow molds
  a red mold
 55 gnomes
  a gnome zombie
  5 geckos
  a jackal
  5 goblins
  3 sewer rats
  5 grid bugs
  2 bats
  9 lichens
  8 newts
217 creatures vanquished.

No species were genocided or became extinct.

Game over:
                       ----------
                      /          \
                     /    REST    \
                    /      IN      \
                   /     PEACE      \
                  /                  \
                  |     Frompor      |
                  |      60 Au       |
                  |   killed by a    |
                  |      mumak       |
                  |                  |
                  |                  |
                  |       2026       |
                 *|     *  *  *      | *
        _________)/\\_//(\/(/\)/\//\/|_)_______

Farvel Frompor the Valkyrie...

You died in The Gnomish Mines on dungeon level 12 with 10974 points,
and 60 pieces of gold, after 6661 moves.
You were level 9 with a maximum of 82 hit points when you died.

